 Dungeon Crawl Stone Soup version 0.30-a0-585-g93115170b9 (webtiles) character file.

Game seed: 15177872145423532066

436 pokeman the Magician (level 6, -1/35 HPs)
             Began as a Deep Elf Hedge Wizard on Jan 2, 2023.
             Slain by a centaur zombie (3 damage)
             ... in an ossuary.
             The game lasted 00:09:43 (3902 turns).

pokeman the Magician (Deep Elf Hedge Wizard)        Turns: 3902, Time: 00:09:44

Health: -1/35      AC:  4    Str:  7    XL:     6   Next: 69%
Magic:  8/18       EV: 13    Int: 23    God:
Gold:   224        SH:  0    Dex: 14    Spells: 12/20 levels left

rFire   . . .      SeeInvis .    p - +0 hand axe (freeze)
rCold   . . .      Faith    .    (no shield)
rNeg    + . .      Spirit   .    l - +1 robe of the Cockatrice {rPois rN+ Int+2}
rPois   +          Reflect  .    m - +0 helmet
rElec   .          Harm     .    (no cloak)
rCorr   .          Rampage  .    (no gloves)
Will    .....                    (no boots)
Stlth   ++                       (no amulet)
HPRegen 0.25/turn                (no ring)
MPRegen 0.16/turn                (no ring)

@: marked, on blink cooldown
A: no striking features
a: no special abilities


You were in an ossuary.
You visited 1 branch of the dungeon, and saw 4 of its levels.
You also visited: Ossuary.

You collected 224 gold pieces.

Inventory:

Hand Weapons
 p - a +0 hand axe of freezing (weapon)
Armour
 l - the +1 robe of the Cockatrice (worn) {rPois rN+ Int+2}
   (You took it off a goblin on level 2 of the Dungeon)

   Int:       It affects your intelligence (+2).
   rPois:     It protects you from poison.
   rN:        It protects you from negative energy.
 m - a +0 helmet (worn)
 t - a +0 pair of gloves
Wands
 q - a wand of flame (2)
Scrolls
 a - a scroll of poison {unknown}
 e - 5 scrolls of identify {unknown}
 k - a scroll of summoning {unknown}
 n - a scroll of noise {unknown}
 o - a scroll of enchant weapon {unknown}
 r - a scroll of teleportation {unknown}
Potions
 b - a potion of lignification {unknown}
 c - 3 potions of might {unknown}
 d - a potion of magic
 f - 2 potions of haste {unknown}
 g - 3 potions of flight {unknown}
 h - a potion of brilliance {unknown}
 i - a potion of curing {unknown}
 j - a potion of heal wounds {unknown}
 s - a potion of resistance {unknown}


   Skills:
 + Level 1.8 Fighting
 - Level 1.0 Armour
 - Level 3.0 Dodging
 - Level 3.0 Stealth
 * Level 7.5 Spellcasting
 + Level 3.5 Conjurations
 - Level 1.1 Summonings
 - Level 1.1 Translocations
 - Level 1.0 Air Magic
 - Level 1.0 Poison Magic


You had 12 spell levels left.
You knew the following spells:

 Your Spells              Type           Power      Damage    Failure   Level
a - Magic Dart            Conj           100%       1d8       1%          1
b - Mephitic Cloud        Conj/Pois/Air  17%        N/A       11%         3
c - Call Imp              Summ           13%        N/A       7%          2
d - Blink                 Tloc           26%        N/A       7%          2

Your spell library contained the following spells:

 Spells                   Type           Power      Damage    Failure   Level
 Slow                     Hex            32%        N/A       8%          1
 Cigotuvi's Dreadful Rot  Necr/Pois/Air  22%        N/A       9%          2
 Ozocubu's Armour         Ice            8%         N/A       22%         3
 Irradiate                Conj/Tmut      8%         3d14      69%         5
 Blade Hands              Tmut           4%         N/A       90%         5
 Dragon Form              Tmut           4%         N/A       100%        7
 Ozocubu's Refrigeration  Ice            4%         4d8       100%        7


Dungeon Overview and Level Annotations

Branches:
Dungeon (4/15)            Ossuary (1/1)
 Temple: D:4-7

Altars:
Hepliaklqana
Yredelemnul
The Shining One

Shops:
D:3 ([([(


Message History

The centaur zombie kicks you but does no damage.
Unknown command.
Aiming: Throw Flame
Press: ? - help, Shift-Dir - straight line, f/p - centaur zombie
Aim: a centaur zombie (heavily damaged, 100% to hit)
The puff of flame hits the centaur zombie.
The centaur zombie is severely damaged.
The centaur zombie closely misses you.
The centaur zombie kicks you but does no damage.
The centaur zombie hits you but does no damage.
The centaur zombie kicks you but does no damage.
The centaur zombie misses you. The centaur zombie barely misses you.
Unknown command.
Aiming: Throw Flame
Press: ? - help, Shift-Dir - straight line, f/p - centaur zombie
Aim: a centaur zombie (severely damaged, 100% to hit)
The puff of flame hits the centaur zombie!
The centaur zombie is almost destroyed.
The centaur zombie misses you. The centaur zombie barely misses you.
The centaur zombie closely misses you.
The centaur zombie kicks you but does no damage.
The centaur zombie hits you.
* * * LOW HITPOINT WARNING * * *
The centaur zombie misses you.
Unknown command.
Aiming: Throw Flame
Press: ? - help, Shift-Dir - straight line, f/p - centaur zombie
Aim: a centaur zombie (almost destroyed, 100% to hit)
The puff of flame hits the centaur zombie!
You destroy the centaur zombie!
The centaur zombie hits you but does no damage.
The centaur zombie barely misses you.
The centaur zombie hits you but does no damage.
The centaur zombie kicks you.
* * * LOW HITPOINT WARNING * * *
Your crimson imp barely misses the hobgoblin zombie.
The centaur zombie hits you but does no damage.
The centaur zombie kicks you but does no damage.
The centaur zombie hits you.
You die...

#.....#
#..∩..#
#.....#
#.ZZ..#
#.....#
#..5..#
#ZZZ..#
#Z.Z..#
##@..##
#####


You could see 5 hobgoblin zombies, 2 centaur zombies and a friendly crimson imp
(summoned).

Vanquished Creatures
  A necrophage (D:4)
  An electric eel (D:3)
  A centaur zombie (Ossuary)
  A hound (D:2)
  An orc priest (D:3)
  Jessica (D:2)
  An iguana (D:2)
  Terence (D:2)
  3 mummies (Ossuary)
  Robin (D:2)
  3 gnolls (D:2)
  4 adders
  An ufetubus (D:4)
  A dart slug (D:1)
  6 orcs
  4 ball pythons
  7 endoplasms
  2 giant cockroaches
  10 goblins
  5 hobgoblins
  2 jackals (D:4)
  6 kobolds
  4 quokkas
  2 bats (D:3)
  A frilled lizard (D:1)
  4 rats
74 creatures vanquished.

Vanquished Creatures (collateral kills)
  An endoplasm (D:4)
  A goblin (D:2)
  A hobgoblin (D:2)
  2 jackals (D:4)
5 creatures vanquished.

Vanquished Creatures (others)
  An electric eel (D:3)
  A plant (D:3)
2 creatures vanquished.

Grand Total: 81 creatures vanquished

Notes
Turn   | Place    | Note
-------+----------+-------------------------------------------
     0 | D:1      | pokeman the Deep Elf Hedge Wizard began the quest for the
                  | Orb.
     0 | D:1      | Reached XP level 1. HP: 10/10 MP: 7/7
   364 | D:1      | Reached XP level 2. HP: 16/16 MP: 2/9
  1072 | D:2      | Reached skill level 5 in Spellcasting
  1210 | D:2      | Reached XP level 3. HP: 20/20 MP: 4/11
  1214 | D:2      | Learned a level 3 spell: Mephitic Cloud
  1217 | D:2      | Learned a level 2 spell: Call Imp
  1220 | D:2      | Learned a level 2 spell: Blink
  1249 | D:2      | Reached skill level 1 in Fighting
  1249 | D:2      | Reached skill level 1 in Armour
  1393 | D:2      | Found a faded altar of an unknown god.
  1410 | D:2      | Noticed Jessica
  1414 | D:2      | Killed Jessica
  1415 | D:2      | Reached XP level 4. HP: 25/25 MP: 7/13
  1620 | D:2      | Noticed Robin
  1628 | D:2      | Killed Robin
  1635 | D:2      | Noticed Terence
  1651 | D:2      | Killed Terence
  1652 | D:2      | Reached skill level 6 in Spellcasting
  1652 | D:2      | Reached XP level 5. HP: 25/29 MP: 0/15
  1752 | D:2      | Identified the +1 robe of the Cockatrice {rPois rN+ Int+2}
  2437 | D:3      | Found a transporter.
  2438 | D:3      | Found Geqeyqy's Armour Shop.
  2488 | D:3      | Found a hazy altar of Hepliaklqana.
  2500 | D:3      | Found Poteylej's Antique Weapon Emporium.
  2505 | D:3      | Found Jollor's Antique Armour Shoppe.
  2525 | D:3      | Found Jeurphemp's Antique Weapon Shoppe.
  2588 | D:3      | Found Zuegarau's Weapon Boutique.
  2614 | D:3      | Reached skill level 1 in Poison Magic
  2742 | D:3      | Reached skill level 1 in Air Magic
  3015 | D:3      | Found a transporter.
  3238 | D:3      | Reached XP level 6. HP: 34/34 MP: 15/17
  3254 | D:3      | Found a glowing golden altar of the Shining One.
  3711 | D:4      | Found a basalt altar of Yredelemnul.
  3752 | D:4      | Reached skill level 7 in Spellcasting
  3850 | D:4      | Found a sand-covered staircase.
  3857 | Ossuary  | Entered an ossuary
  3902 | Ossuary  | Slain by a centaur zombie

Illustrated notes

Levels and vault maps discovered:
D:1:      ncdulo_wetmaze, layout_loops_ring
D:2:      layout_rooms, ebering_ecumenical_altar_hall, minmay_heptomino_h4,
          uniq_terence, uniq_jessica, uniq_robin
D:3:      gammafunk_steamed_eel, layout_basic, marbit_many_paths,
          amcnicky_altar_gilded, serial_shops, shop,
          nicolae_shop_advertising_works [nicolae_subvault_shop_adworks],
          shop_statue, shop, nicolae_square_shop, st_stairs_2
D:4:      layout_gridville, lemuel_doored_altar, minmay_temple_entry_hall,
          enter_ossuary_2, serial_shops, nicolae_inconvenience_store
Ossuary:  ossuary_the_hunt_dpeg

Skill      XL: |  1  2  3  4  5  6 |
---------------+-------------------+-----
Spellcasting   | 5 6 7 |  7.5
Fighting       | 1 |  1.8
Armour         | 1 |  1.0
Conjurations   | 2 3 |  3.5
Dodging        | 3 |  3.0
Stealth        | 3 |  3.0
Poison Magic   | 1 |  1.0
Air Magic      | 1 |  1.0
Summonings     | |  1.1
Translocations | |  1.1

Action                   |  1- 3 |  4- 6 || total
-------------------------+-------+-------++-------
Melee: Dagger            |    13 |    24 ||    37
       Hand axe          |       |    24 ||    24
 Cast: Magic Dart        |    74 |   119 ||   193
       Mephitic Cloud    |       |     8 ||     8
       Call Imp          |       |     8 ||     8
       Blink             |       |     3 ||     3
Evoke: Wand              |       |    13 ||    13
 Stab: Sleeping          |     2 |     1 ||     3
       Confused          |       |     4 ||     4
Armor: Robe              |     7 |    39 ||    46
Dodge: Dodged            |    14 |    98 ||   112

Table legend: (Time is in decaauts)
 A = Elapsed time spent in this place.
 B = Non-inter-level travel time spent in this place.
 C = Inter-level travel time spent in this place.
 D = Time resting spent in this place.
 E = Time spent auto-exploring this place.
 F = Levels seen in this place.
 G = Mean time per level.
                   A        B        C        D        E       F      G
               +--------+--------+--------+--------+--------+-----+--------+
         Total |   3915 |   3760 |    155 |    371 |   2612 |   5 |  783.0 |
       Dungeon |   3869 |   3714 |    155 |    371 |   2612 |   4 |  967.2 |
       Ossuary |     45 |     45 |      0 |      0 |      0 |   1 |   45.0 |
               +--------+--------+--------+--------+--------+-----+--------+

Top non-repeatable levels by time:
     D:2: 1283 daAuts
     D:3: 1248 daAuts
     D:1: 1074 daAuts
     D:4: 263 daAuts
 Ossuary: 45 daAuts
